 Dungeon Crawl Stone Soup version 0.24.1-8-ga250c9d538 (webtiles) character file.

Game seed: 15819393644351089552, levelgen mode: deterministic

920 yeonggugui the Covered (level 8, -1/60 HPs)
             Began as a Barachi Skald on May 4, 2020.
             Was a Believer of Elyvilon.
             Slain by Prince Ribbit (12 damage)
             ... on level 6 of the Dungeon.
             The game lasted 00:16:02 (6998 turns).

yeonggugui the Covered (Barachi Skald)              Turns: 6998, Time: 00:16:03

Health: -1/60      AC:  8    Str: 13    XL:     8   Next: 10%
Magic:  10/12      EV:  9    Int: 20    God:    Elyvilon [**....]
Gold:   306        SH:  0    Dex: 10    Spells: 9/12 levels left

rFire    . . .     SeeInvis .   a - +0 falchion
rCold    . . .     Gourm    .   (no shield)
rNeg     . . .     Faith    .   u - +0 scale mail
rPois    .         Spirit   .   (no helmet)
rElec    .         Reflect  .   t - +0 cloak
rCorr    .         Harm     .   (no gloves)
MR       .....                  (no boots)
Stlth    ..........             (no amulet)
HPRegen  0.20/turn              n - -2 ring of dexterity
MPRegen  0.13/turn              (no ring)

@: brilliant, infused (expiring), heavily drained, slow
A: +LOS, swims, slowness 1, strong legs 1
a: Hop, Lesser Healing, Heal Other, Divine Protection, Renounce Religion


You were on level 6 of the Dungeon.
You worshipped Elyvilon.
Elyvilon was pleased with you.
You were not hungry.

You visited 2 branches of the dungeon, and saw 7 of its levels.

You collected 306 gold pieces.

Inventory:

Hand Weapons
 a - a +0 falchion (weapon)
Missiles
 z - 6 poisoned darts (quivered)
Armour
 b - a +0 leather armour
 k - a +0 ring mail
 t - a +0 cloak (worn)
 u - a +0 scale mail (worn)
 w - a +0 chain mail
Magical Staves
 h - an uncursed staff of earth {unknown}
Jewellery
 n - a -2 ring of dexterity (left hand)
Wands
 i - a wand of iceblast (8)
Scrolls
 e - a scroll of fog {unknown}
 f - 2 scrolls of amnesia {unknown}
 g - 3 scrolls of remove curse
 o - a scroll of teleportation
 r - a scroll of enchant armour {unknown}
 v - 2 scrolls of immolation {unknown}
 y - a scroll of noise {unknown}
 A - a scroll of magic mapping {unknown}
 D - a scroll of summoning {unknown}
Potions
 j - a potion of magic
 l - 4 potions of curing
 m - a potion of haste
 p - a potion of berserk rage
 q - a potion of brilliance
 s - 2 potions of agility
 x - 3 potions of degeneration {unknown}
 B - a potion of lignification {unknown}
 E - a potion of flight {unknown}
Comestibles
 d - 6 rations


   Skills:
 + Level 4.1(2.6) Fighting
 + Level 6.7(5.0) Long Blades
 * Level 6.8(5.1) Armour
 - Level 2.1(0.7) Dodging
 - Level 0.2(0.0) Stealth
 - Level 2.6(1.2) Spellcasting
 - Level 4.0(2.5) Charms
 * Level 1.6(0.1) Invocations


You had 9 spell levels left.
You knew the following spells:

 Your Spells              Type           Power        Failure   Level  Hunger
a - Infusion              Chrm           ###.         3%          1    ##.....
b - Song of Slaying       Chrm           ###.....     4%          2    ###....

Your spell library contained the following spells:

 Spells                   Type           Power        Failure   Level  Hunger
 Shroud of Golubria       Chrm/Tloc      ###...       8%          2    ###....
 Regeneration             Chrm/Necr      ###.......   13%         3    ####...
 Spectral Weapon          Hex/Chrm       ###.....     13%         3    ####...


Dungeon Overview and Level Annotations

Branches:
Dungeon (6/15)             Temple (1/1) D:6

Altars:
Cheibriados
Dithmenos
Elyvilon
Fedhas
Hepliaklqana
Kikubaaqudgha
Okawaru
Qazlal
Trog
Uskayaw
Vehumet
Wu Jian
Xom
Zin
Lugonu

Annotations:
D:6 exclusion: 3 doors, Prince Ribbit


Innate Abilities, Weirdness & Mutations

Shadows flee at your approach. (+LOS)
You can swim through water.
You cover ground slowly.
You can hop short distances.


Message History

Prince Ribbit hits you but does no damage.
You feel much better. Prince Ribbit hits you!
* * * LOW HITPOINT WARNING * * *
Evoke which item? (* to show all) (? for menu, Esc to quit)
Aiming: Iceblast
Press: ? - help, Shift-Dir - straight line, f/p - Prince Ribbit
Aim: Prince Ribbit (moderately wounded)
Okay, then.
You completely miss Prince Ribbit.
Prince Ribbit is moderately wounded.
Prince Ribbit hits you!
* * * LOW HITPOINT WARNING * * *
Prince Ribbit misses you.
You feel clever all of a sudden. Prince Ribbit barely misses you.
You feel better. Prince Ribbit barely misses you.
You riposte.
Your scale mail prevents you from hitting Prince Ribbit.
Prince Ribbit is moderately wounded.
Prince Ribbit hits you!
You die...

## .#
#################.#
................@.#
#######.########F#
#.# W# #.# .# #.#
.# #####.# .#
####...#.# (#
.......#.# .#
.........# .#


You could see Prince Ribbit and a hungry ghost.

Vanquished Creatures
  The ghost of Hugehornet the Changer, an amateur OpTm (D:3)
  A black bear (D:6)
  An ogre (D:4)
  2 scorpions
  A wight (D:6)
  2 crimson imps
  An orc priest (D:3)
  2 jellies
  3 orc wizards (D:5)
  A worker ant (D:5)
  A killer bee zombie (D:3)
  10 adders
  2 oozes
  A worm (D:3)
  3 dart slugs
  3 leopard geckos
  18 orcs
  3 giant cockroaches
  5 goblins
  3 hobgoblins
  12 jackals
  3 quokkas (D:5)
  A ball python skeleton (D:5)
  6 bats
  2 frilled lizards
  A jackal skeleton (D:4)
  7 kobolds
  7 rats
103 creatures vanquished.

Vanquished Creatures (others)
  A human (D:3)
  A kobold (D:2)
  2 rats (D:2)
4 creatures vanquished.

Grand Total: 107 creatures vanquished

Notes
Turn   | Place    | Note
-------+----------+-------------------------------------------
     0 | D:1      | yeonggugui the Barachi Skald began the quest for the Orb.
     0 | D:1      | Reached XP level 1. HP: 17/17 MP: 3/3
   469 | D:1      | Reached XP level 2. HP: 23/23 MP: 0/5
   477 | D:1      | Learned a level 2 spell: Song of Slaying
  1148 | D:2      | Reached XP level 3. HP: 18/28 MP: 2/6
  1543 | D:2      | Found a stormy altar of Qazlal.
  1789 | D:2      | Reached XP level 4. HP: 32/34 MP: 4/7
  1846 | D:2      | Found a faded altar of an unknown god.
  2041 | D:3      | Found an ancient bone altar of Kikubaaqudgha.
  2043 | D:3      | Noticed a human
  2043 | D:3      | Killed a human
  2177 | D:3      | Found a bloodstained altar of Trog.
  2423 | D:3      | You fall into a shaft and drop 2 floors!
  2423 | D:5      | Entered Level 5 of the Dungeon
  2429 | D:5      | Reached XP level 5. HP: 35/41 MP: 4/9
  2525 | D:4      | Noticed an ogre
  2674 | D:5      | Found a blossoming altar of Fedhas.
  2679 | D:5      | Found a white marble altar of Elyvilon.
  2692 | D:5      | Became a worshipper of Elyvilon the Healer
  3191 | D:4      | Reached XP level 6. HP: 32/47 MP: 10/10
  3651 | D:3      | Reached skill level 5 in Long Blades
  3673 | D:3      | Reached * piety under Elyvilon
  3980 | D:3      | Found a large runed translucent door.
  3981 | D:3      | Found a large runed translucent door.
  3981 | D:3      | Noticed Hugehornet's ghost (amateur OpTm)
  4015 | D:3      | Killed Hugehornet's ghost
  4015 | D:3      | Reached skill level 5 in Armour
  4015 | D:3      | Reached XP level 7. HP: 36/53 MP: 11/11
  4243 | D:4      | Found an iron altar of Okawaru.
  5590 | D:5      | Reached skill level 1 in Invocations
  5905 | D:5      | Found a snail-covered altar of Cheibriados.
  6181 | D:5      | Found an ornate altar of the Wu Jian Council.
  6435 | D:6      | Reached ** piety under Elyvilon
  6504 | D:6      | Reached XP level 8. HP: 56/60 MP: 7/12
  6555 | D:6      | Found a staircase to the Ecumenical Temple.
  6565 | Temple   | Entered the Ecumenical Temple
  6987 | D:6      | Noticed Prince Ribbit
  6994 | D:6      | HP: 3/60 [Prince Ribbit (7)]
  6998 | D:6      | Slain by Prince Ribbit

Levels and vault maps discovered:
D:1:      lemuel_arrival_cross, layout_basic, minmay_tetromino_o2
D:2:      layout_rooms, grunt_qazlal_clouds, chequers_ecumenical_altar_grove
D:3:      layout_loops_ring, old_standard_altar, ebering_ghost_disaster_area,
          kennysheep_cross_room, tgw_kikubaaqudgha
D:4:      layout_basic, okawaru_gym_becter, grunt_ministairs_9
D:5:      layout_cave_pods, elyvilon_altar_4, nicolae_overflow_hidden_temple,
          first_ration, serial_co_window_serial, co_window_corner_a,
          co_window_corner_a, co_window_corner_a, co_window_corner_a,
          co_window_paths_b, co_window_corner_ca, co_window_of_opportunity_b,
          co_window_of_opportunity_c, co_window_corner_b, co_window_corner_cb,
          co_window_corner_ca, co_window_corner_cb, glass_columns_b,
          glass_columns_c, glass_columns_a, glass_columns_b, glass_columns_c
D:6:      layout_basic, overflow_temple_1_default, kennysheep_little_box,
          minmay_temple_entry_hall, chequers_serial_rivers_room_a,
          nrook_mini_vaults, lightli_minifort, uniq_prince_ribbit1
Temple:   corrupted_temple

Skill      XL: |  1  2  3  4  5  6  7 |
---------------+----------------------+-----
Armour         | 2 3 4 5 6 |  6.8
Long Blades    | 3 4 5 6 |  6.7
Charms         | 4 |  4.0
Fighting       | 3 4 |  4.1
Invocations    | 1 |  1.6
Dodging        | |  2.1
Stealth        | |  0.2
Spellcasting   | |  2.6

Action                   |  1- 3 |  4- 6 |  7- 9 || total
-------------------------+-------+-------+-------++-------
Melee: Falchion          |    64 |   267 |   190 ||   521
Throw: Throwing net      |       |     1 |     3 ||     4
       Dart              |       |       |     4 ||     4
 Cast: Infusion          |    10 |    14 |    11 ||    35
       Song of Slaying   |     1 |       |     3 ||     4
Invok: Lesser Healing    |       |       |     1 ||     1
 Abil: Hop               |       |       |     2 ||     2
  Use: Scroll            |       |     6 |     3 ||     9
       Potion            |       |       |     3 ||     3
 Stab: Held in net/web   |       |       |     2 ||     2
  Eat: Chunk             |     3 |     8 |    12 ||    23
Armor: Leather armour    |    11 |       |       ||    11
       Ring mail         |     8 |    12 |       ||    20
       Scale mail        |       |   113 |   105 ||   218
Dodge: Dodged            |    54 |   111 |    98 ||   263
       Rpst.: Falchion   |    18 |    37 |    38 ||    93
